 Dungeon Crawl Stone Soup version 0.29.0-11-gd7f09526c8 (webtiles) character file.

Game seed: 8952409966203868200

2943 avis the Thaumaturge (level 9, -11/36 HPs)
             Began as a Felid Summoner on Sept 3, 2022.
             Was an Initiate of Gozag.
             Killed by an exploding themself (23 damage)
             ... ignited by their inner flame
             ... in a bailey on Sept 4, 2022.
             The game lasted 01:31:48 (10462 turns).

avis the Thaumaturge (Felid Summoner)              Turns: 10462, Time: 01:31:50

Health: -11/36     AC:  2    Str:  4    XL:     9   Next: 51%
Magic:  10/22      EV: 18    Int: 21    God:    Gozag
Gold:   312        SH:  0    Dex: 16    Spells: 6/24 levels left
                                        Lives:  0   Deaths: 2

rFire   . . .      SeeInvis +   (weapon unavailable)
rCold   . . .      Faith    .   (shield unavailable)
rNeg    . . .      Spirit   .   (body armour unavailable)
rPois   +          Reflect  .   (helmet unavailable)
rElec   .          Harm     .   (cloak unavailable)
rCorr   .          Rampage  .   (gloves unavailable)
Will    +....                   (boots unavailable)
Stlth   ++........              g - amulet of magic regeneration
HPRegen 0.12/turn               f - ring of poison resistance
MPRegen 0.58/turn               A - ring of wizardry

@: gold aura, quick
A: very small, claws 1, fangs 3, see invisible, speed 1, shaggy fur 2, stealthy
paws, no weapons or thrown items, no armour, multi-lived
a: Renounce Religion, Potion Petition, Call Merchant, Bribe Branch


You were in a bailey.
You worshipped Gozag.
Gozag was aware of your devotion.
You visited 2 branches of the dungeon, and saw 9 of its levels.
You also visited: Sewer and Bailey.

You collected 1185 gold pieces.
You spent 796 gold pieces at shops.
You paid 77 gold pieces to Gozag.

Inventory:

Jewellery
 f - a ring of poison resistance (left paw)
 g - an amulet of magic regeneration (around neck)
 k - an amulet of guardian spirit
 q - an amulet of faith
 s - a +6 ring of dexterity
 A - a ring of wizardry (right paw)
Wands
 p - a wand of roots (3)
Scrolls
 b - a scroll of summoning
 c - a scroll of enchant armour {unknown}
 h - a scroll of immolation {unknown}
 j - a scroll of silence {unknown}
 m - a scroll of torment {unknown}
 o - a scroll of magic mapping
 r - 4 scrolls of teleportation
 t - 2 scrolls of fear
 w - a scroll of brand weapon {unknown}
 x - a scroll of enchant weapon {unknown}
 y - a scroll of vulnerability {unknown}
Potions
 a - 4 potions of magic
 d - 3 potions of mutation
 e - 3 potions of haste
 i - 4 potions of curing
 l - 2 potions of flight
 n - a potion of degeneration
 u - 2 potions of attraction
 v - 2 potions of berserk rage
 z - 3 potions of heal wounds
 B - 2 potions of might
 C - a potion of invisibility
 D - a potion of cancellation {unknown}
 E - 3 potions of lignification
 F - a potion of ambrosia


   Skills:
 + Level 2.1 Fighting
 + Level 3.6 Dodging
 - Level 2.6 Stealth
 * Level 8.1 Spellcasting
 + Level 7.4 Hexes
 + Level 7.2 Summonings
 + Level 5.9 Air Magic


You had 6 spell levels left.
You knew the following spells:

 Your Spells              Type           Power      Damage    Failure   Level
a - Summon Small Mammal   Summ           100%       N/A       1%          1
c - Call Imp              Summ           38%        N/A       1%          2
d - Call Canine Familiar  Summ           38%        N/A       1%          3
g - Summon Guardian Gole  Hex/Summ       39%        N/A       1%          3
l - Summon Lightning Spi  Summ/Air       36%        N/A       2%          4
v - Summon Mana Viper     Hex/Summ       39%        N/A       4%          5

Your spell library contained the following spells:

 Spells                   Type           Power      Damage    Failure   Level
 Summon Ice Beast         Ice/Summ       23%        N/A       8%          4
 Monstrous Menagerie      Summ           19%        N/A       77%         7
 Storm Form               Tmut/Air       10%        N/A       99%         7
 Maxwell's Capacitive Co  Air            16%        ∞         100%        8


Dungeon Overview and Level Annotations

Branches:
Dungeon (8/15)             Temple (1/1) D:4           Sewer (visited)
 Bailey (1/1)
   Lair: D:8-11

Altars:
Ashenzari
Cheibriados
Dithmenos
Elyvilon
Gozag
Hepliaklqana
Makhleb
Nemelex Xobeh
Okawaru
Qazlal
Ru
Sif Muna
Trog
Uskayaw
Wu Jian
Xom
Yredelemnul
Zin
The Shining One

Shops:
D:1 !   D:2 [   D:7 *

Annotations:
D:4 3 runed translucent doors, XxsatanxX's ghost, amateur MiBe


Innate Abilities, Weirdness & Mutations

You have sharp claws.
You have razor-sharp teeth.
You have supernaturally acute eyesight. (SInv)
You cover ground quickly. (Speed+)
You are covered in thick fur. (AC +2)
Your paws help you pounce on unaware monsters.
You are incapable of wielding weapons or throwing items.
You cannot wear armour.
You gain extra lives every three experience levels.


Message History

Things that are here:
a +0 hand axe; a +0 leather armour
Casting: Summon Guardian Golem (safe; 1% risk of failure)
Confirm with . or Enter, or press ? or * to list all spells.
An electric hum fills the air.
Your lightning spire disappears in a puff of smoke!
Your wolf bites the orc knight.
Your mana viper completely misses the orc knight.
The orc warrior hits your guardian golem but does no damage.
The orc warrior misses your mana viper.
The orc warrior hits your wolf with a +0 hand axe!
The orc knight is distracted by your dazzling golden aura.
Your wolf bites the orc warrior but does no damage.
The orc knight shouts!
What are your orders? t - Meow!
Orders for allies: a - Attack new target. p - Attack previous target. r - Retreat! s - Stop attacking. g - Guard the area. f - Follow me.
Anything else - Cancel.
Gang up on whom?
Press: ? - help, Dir - move target, f/p - orc knight
Aim: an orc knight, wielding a +0 war axe and wearing a +0 scale mail (moderately wounded, ally target) Attack!
Your mana viper misses the orc knight.
Your wolf bites the orc knight but does no damage.
Your guardian golem overheats!
Your mana viper bites the orc knight.
The orc warrior hits your guardian golem with a +0 hand axe!!
Your guardian golem disappears in a puff of smoke!
The orc warrior hits your mana viper with a +0 hand axe.
The orc warrior hits your wolf with a +0 hand axe!
Your wolf dies!
Your wolf's corpse disappears in a puff of smoke!
Your guardian golem explodes!
The fiery explosion engulfs the orc warrior!!
The orc warrior dies!
The fiery explosion engulfs you!!
Ouch! That really hurt!
You die...
Your body crumbles into a pile of gold. #.......## .........# $$$$$

.......o.##$$ $$
....⌠....o#######
.........##.....##
.........#§......#
#.....gg##§§§)...##
#......goS§§@)....+
##.§...##§.§§.....##
#######.....⌠8....#
##.........##
#.........#
##.......##
#.......# ##.....##
♣♣##'''##♣


You could see an orc knight (ally target), a gnoll, a hobgoblin, a goblin
(distracted), a friendly mana viper (summoned, sheltered) and a friendly
lightning spire (summoned, sheltered).

Vanquished Creatures
  A hornet zombie (D:6)
  A bullfrog zombie (D:6)
  An orc (D:3)
  6 bats
  3 endoplasms (D:1)
  2 hobgoblins
  4 quokkas
  A ball python (D:5)
  2 frilled lizards
  2 kobolds
  4 rats
27 creatures vanquished.

Vanquished Creatures (collateral kills)
  Pikel (D:8)
  An acid dragon (D:8)
  An orc warrior (D:8)
  A lemure (D:8)
  2 kobold brigands (D:7)
  A bullfrog (D:7)
  2 scorpions
  A killer bee (D:7)
  2 centaur zombies (D:6)
  4 orc priests
  A hound (D:5)
  A jelly (D:5)
  Ijyb (D:3)
  2 iguanas
  4 orc wizards
  A howler monkey zombie (D:6)
  7 adders
  A howler monkey skeleton (D:6)
  5 gnolls
  A white imp (D:6)
  4 worms
  The ghost of xian the Sneak, a weakling NaDe (D:5)
  2 dart slugs
  18 orcs
  2 endoplasms
  2 giant cockroaches
  13 goblins
  6 hobgoblins
  4 jackals (D:2)
  14 kobolds
  4 quokkas
  4 ball pythons
  8 bats
  4 frilled lizards
  A rat (D:3)
127 creatures vanquished.

Vanquished Creatures (others)
  An ugly thing (D:6)
  Eustachio (D:6)
  Pargi (Sewer)
  2 ice beasts
  An orc warrior (Bailey)
  A centaur (D:6)
  A bullfrog (D:6)
  A gnoll sergeant (D:6)
  2 scorpions (D:6)
  3 wights (D:7)
  2 centaur zombies (D:6)
  A bullfrog skeleton (D:6)
  Crazy Yiuf (D:6)
  6 gnolls
  4 orcs
  3 kobolds
  A fungus (D:1)
  A plant (D:8)
  2 toadstools (D:1)
  4 withered plants (D:6)
39 creatures vanquished.

Grand Total: 193 creatures vanquished

Notes
Turn   | Place    | Note
-------+----------+-------------------------------------------
     0 | D:1      | avis the Felid Summoner began the quest for the Orb.
     0 | D:1      | Reached XP level 1. HP: 7/7 MP: 4/4
   446 | D:1      | Found Enostriawk's Distillery.
   478 | D:1      | Reached XP level 2. HP: 11/11 MP: 3/6
   488 | D:1      | Learned a level 2 spell: Call Imp
  1371 | D:1      | Reached skill level 3 in Spellcasting
  1371 | D:1      | Reached XP level 3. HP: 14/14 MP: 4/8
  1375 | D:1      | Learned a level 3 spell: Call Canine Familiar
  1795 | D:2      | Found a shimmering blue altar of Sif Muna.
  1821 | D:2      | Found Usizi's Antique Armour Shop.
  1973 | D:2      | Identified the +1 leather armour of Tilalase {rC- rN++
                  | Dex+3}
  2048 | D:2      | Identified the +0 leather armour of Impatience {Dex+10}
  2227 | D:2      | Reached XP level 4. HP: 18/18 MP: 10/10
  2945 | D:3      | Learned a level 3 spell: Summon Guardian Golem
  3227 | D:3      | Noticed Ijyb
  3273 | D:3      | Constricted to death by Ijyb
  3274 | D:3      | Reached XP level 3. HP: 0/14 MP: 7/9
  3305 | D:3      | Killed Ijyb
  3306 | D:3      | Reached skill level 4 in Spellcasting
  3306 | D:3      | Reached XP level 4. HP: 18/18 MP: 8/11
  3826 | D:4      | Found a shadowy altar of Dithmenos.
  3981 | D:4      | Found a staircase to the Ecumenical Temple.
  3987 | Temple   | Entered the Ecumenical Temple
  4150 | Temple   | Became a worshipper of Gozag Ym Sagoz the Greedy
  4239 | D:4      | Found a bloodstained altar of Trog.
  4255 | D:4      | Reached skill level 1 in Hexes
  4331 | D:1      | Bought a potion of curing for 42 gold pieces
  4331 | D:1      | Bought a potion of attraction for 42 gold pieces
  4331 | D:1      | Bought a potion of berserk rage for 70 gold pieces
  4390 | D:4      | Found a runed translucent gate.
  4391 | D:4      | Found a runed translucent gate.
  4392 | D:4      | Found a runed translucent gate.
  4393 | D:4      | Noticed XxsatanxX's ghost (amateur MiBe)
  4640 | D:4      | You fall into a shaft and drop 3 floors!
  4645 | D:7      | Noticed a bullfrog
  4666 | D:7      | Noticed an ice beast
  4697 | D:6      | Noticed a gnoll sergeant
  4725 | D:7      | Reached skill level 5 in Summonings
  4725 | D:7      | Reached XP level 5. HP: 14/21 MP: 12/12
  4759 | D:7      | Killed an ice beast
  4785 | D:7      | Reached skill level 5 in Spellcasting
  4785 | D:7      | Gained mutation: You are covered in thick fur. (AC +2)
                  | [Felid growth]
  4785 | D:7      | Reached XP level 6. HP: 13/24 MP: 8/14
  4927 | D:7      | Learned a level 4 spell: Summon Lightning Spire
  5194 | D:6      | Reached skill level 1 in Air Magic
  5292 | D:6      | Reached XP level 7. HP: 27/27 MP: 16/16
  5739 | D:5      | Entered Level 5 of the Dungeon
  5771 | D:5      | Killed from afar by an orc priest
  5772 | D:5      | Reached XP level 6. HP: -8/24 MP: 15/15
  5772 | D:5      | Found a glowing drain.
  5793 | Sewer    | Entered a sewer
  5923 | Sewer    | Noticed Pargi
  5941 | Sewer    | Killed Pargi
  6012 | D:5      | Reached skill level 6 in Spellcasting
  6012 | D:5      | Reached XP level 7. HP: 27/27 MP: 13/17
  6422 | D:4      | Learned a level 5 spell: Summon Mana Viper
  6899 | D:5      | Found a runed translucent door.
  6908 | D:5      | Noticed xian's ghost (weakling NaDe)
  7563 | D:5      | Reached skill level 5 in Hexes
  7638 | D:5      | Killed xian's ghost
  7721 | D:1      | Bought a potion of haste for 140 gold pieces
  7721 | D:1      | Bought a potion of invisibility for 112 gold pieces
  7721 | D:1      | Bought a potion of might for 56 gold pieces
  7721 | D:1      | Bought a potion of mutation for 112 gold pieces
  8245 | D:6      | Noticed a purple ugly thing
  8267 | D:6      | Killed a purple ugly thing
  8268 | D:6      | Reached skill level 1 in Fighting
  8268 | D:6      | Reached XP level 8. HP: 32/32 MP: 14/19
  8342 | D:6      | Noticed Eustachio
  8365 | D:6      | Killed Eustachio
  8366 | D:6      | Reached skill level 7 in Spellcasting
  8434 | D:6      | Reached skill level 5 in Air Magic
  8896 | D:6      | Found a runed translucent door.
  8897 | D:6      | Noticed Crazy Yiuf
  8911 | D:6      | Killed Crazy Yiuf
  9507 | D:7      | Reached XP level 9. HP: 35/35 MP: 19/21
  9711 | D:7      | Found an iron altar of Okawaru.
  9898 | D:7      | Found Riutsep's General Store.
  9927 | D:7      | Bought a scroll of magic mapping for 90 gold pieces
  9927 | D:7      | Bought a potion of lignification for 36 gold pieces
  9927 | D:7      | Bought a potion of ambrosia for 96 gold pieces
 10369 | D:8      | Found a flagged portal.
 10374 | D:8      | Noticed Pikel
 10382 | D:8      | Killed Pikel
 10383 | D:8      | Reached skill level 8 in Spellcasting
 10403 | Bailey   | Entered a bailey
 10448 | Bailey   | Noticed an orc knight
 10462 | Bailey   | Killed by an exploding themself... ignited by their inner
                  | flame

Illustrated notes

Levels and vault maps discovered:
D:1:      minmay_arrival_shattered_statue, layout_loops_corners, serial_shops,
          nicolae_shop_behind_doors, minmay_gold_behind_fungi,
          minmay_misc_feat_four_crosses, serial_bayou_pond_c, hex_large,
          serial_park_tiny_1
D:2:      layout_basic, basic_altar, serial_shops, shop, minmay_surrounded
D:3:      layout_loops_corners, uniq_ijyb
D:4:      layout_gridville, mainiacjoe_overflow_catch_the_wave,
          minmay_temple_entry_hall, gammafunk_ghost_necromancy
D:5:      layout_basic, cheibrodos_sewer_entry_sluice, ebering_ghost_sewer_d
D:6:      layout_loops_corners, serial_undead, serial_undead_c, serial_undead_a,
          serial_undead_d, serial_undead_b, uniq_eustachio,
          uniq_crazy_yiuf_cottage
D:7:      layout_gridville, kennysheep_mini, serial_shops, shop_statue,
          minmay_stone_trees_small
D:8:      layout_loops_ring, grunt_temple_overflow_growth_and_decay,
          enter_bailey_5, minmay_crystal_water, hangedman_decor_slide_cut,
          chequers_serial_rivers_marsh, uniq_pikel
Temple:   nicolae_temple_elliptical
Bailey:   bailey_axe_minmay_hex_keep, bailey

Skill      XL: |  1  2  3  4  5  6  7  8  9 |
---------------+----------------------------+-----
Spellcasting   | 3 4 5 6 7 8 |  8.1
Hexes          | 1 3 5 6 7 |  7.4
Summonings     | 5 6 7 |  7.2
Air Magic      | 3 4 5 |  5.9
Fighting       | 1 2 |  2.1
Dodging        | 3 |  3.6
Stealth        | |  2.6

Action                   |  1- 3 |  4- 6 |  7- 9 || total
-------------------------+-------+-------+-------++-------
Melee: Unarmed           |    46 |    25 |    13 ||    84
       Bite              |     4 |     1 |     2 ||     7
 Cast: Summon Small Mamm |    24 |     8 |       ||    32
       Call Imp          |    11 |    10 |    16 ||    37
       Call Canine Famil |     6 |    27 |    30 ||    63
       Summon Guardian G |     1 |     7 |    36 ||    44
       Summon Lightning  |       |       |     9 ||     9
       Summon Mana Viper |       |       |     4 ||     4
  Use: Scroll            |       |       |     7 ||     7
       Potion            |       |       |     1 ||     1
 Stab: Sleeping          |     6 |     3 |       ||     9
       Distracted        |     1 |       |       ||     1
Armor: Skin              |     5 |     5 |     5 ||    15
Dodge: Dodged            |    38 |    34 |    35 ||   107
